 Dungeon Crawl Stone Soup version 0.29-a0-243-g602b31c20e (webtiles) character file.

Game seed: 8971858318476844724

1661 spaghetti the Nimble (level 9, -2/61 HPs)
             Began as an Octopode Chaos Knight on Mar 4, 2022.
             Was a Plaything of Xom.
             Slain by an ice beast (7 damage)
             ... on level 7 of the Dungeon.
             The game lasted 00:07:48 (5944 turns).

spaghetti the Nimble (Octopode Chaos Knight)        Turns: 5944, Time: 00:07:49

Health: -2/61      AC:  1    Str: 16 (17) XL:     9   Next: 0%
Magic:  9/9        EV: 19    Int: 11      God:    Xom [..*...]
Gold:   215        SH:  0    Dex: 15 (17) Spells: 8/8 levels left

rFire   . . .      SeeInvis .   d - +3 short sword (elec) {short}
rCold   . . .      Faith    .   (no shield)
rNeg    . . .      Spirit   .   (helmet restricted)
rPois   .          Reflect  .   (no amulet)
rElec   .          Harm     .   c - +6 ring of strength
rCorr   .          Rampage  .   (no ring)
Will    .....                   (no ring)
Stlth   ++........              (no ring)
HPRegen 0.20/turn               (no ring)
MPRegen 0.11/turn               (no ring)
                                (no ring)
                                (no ring)

@: unable to read
A: almost no armour, amphibious, 8 rings, camouflage 1, gelatinous body 1,
(nimble swimmer 1), tentacles, agile 1, deterioration 1, dopey 2, screaming 1,
evolution 1, inability to read while threatened
a: Renounce Religion


You were on level 7 of the Dungeon.
You worshipped Xom.
You were a toy of Xom.
You visited 1 branch of the dungeon, and saw 8 of its levels.

You collected 215 gold pieces.


Innate Abilities, Weirdness & Mutations

You cannot wear most types of armour.
You are amphibious.
You can wear up to eight rings at the same time.
Your skin changes colour to match your surroundings (Stealth+).
Your rubbery body absorbs attacks. (AC +1, EV +1)
((You are camouflaged when in or above water. (Stealth+)))
You have tentacles for arms and can constrict up to eight enemies at once.
You are agile. (Dex +2)
Your body sometimes deteriorates upon taking damage.
You are very dopey. (Int -4)
You occasionally shout uncontrollably at your foes.
You have hidden genetic potential.
You sometimes lose the ability to read scrolls when taking damage.


   Skills:
 - Level 5.0 Fighting
 - Level 3.0 Maces & Flails
 + Level 12.4 Dodging


You had 8 spell levels left.
You didn't know any spells.
Your spell library contained the following spells:

 Spells                   Type           Power      Damage    Failure   Level
 Ensorcelled Hibernation  Hex/Ice        0%         N/A       47%         2
 Passwall                 Tmut/Erth      0%         N/A       47%         2
 Dazzling Flash           Conj/Hex       0%         N/A       71%         3
 Ignite Poison            Fire/Tmut/Pois 0%         N/A       71%         3
 Mephitic Cloud           Conj/Pois/Air  0%         N/A       71%         3
 Swiftness                Air            0%         N/A       71%         3
 Iskenderun's Mystic Bla  Conj/Tloc      0%         2d3       98%         4
 Fireball                 Conj/Fire      0%         3d3       100%        5
 Freezing Cloud           Conj/Ice/Air   0%         6-21      100%        5
 Summon Forest            Summ/Tloc      0%         N/A       100%        5
 Eringya's Noxious Bog    Tmut/Pois      0%         N/A       100%        6
 Starburst                Conj/Fire      0%         6d3       100%        6
 Summon Hydra             Summ           0%         N/A       100%        7
 Ignition                 Fire           0%         3d3       100%        8

Inventory:

Hand Weapons
 a - a +0 mace of chaos {mace}
 d - a +3 short sword of electrocution (weapon) {short}
   (You found it on level 1 of the Dungeon)
 k - a +0 short sword of flaming {short}
   (You took it off Terence on level 3 of the Dungeon)
Missiles
 g - 111 stones (quivered) {throwing}
 h - 6 poisoned darts {throwing}
 o - 3 boomerangs of dispersal {=f!fthrowing}
Jewellery
 c - a +6 ring of strength (left tentacle)
   (You took it off a hobgoblin on level 3 of the Dungeon)
 p - an amulet of faith {!P}
   (You found it on level 4 of the Dungeon)
Wands
 m - a wand of digging (4)
   (You found it on level 5 of the Dungeon)
Scrolls
 e - 2 scrolls of enchant armour
 f - 3 scrolls of teleportation {@r4}
 l - a scroll of enchant weapon
 q - 2 scrolls of immolation {!r!r}
Potions
 b - 2 potions of curing {@q1}
 i - a potion of mutation {!q}
 j - 3 potions of degeneration {!q@e2}

Dungeon Overview and Level Annotations

Branches:
Dungeon (8/15)
 Temple: D:4-7         Lair: D:8-11

Altars:
Xom

Shops:
D:3

[
........#........#
........#.........
.......:#.........
........#.........
........#.........
......[...<.......
g.g........†......
D
.#######Y.........
g g #.@!.......
#..........
#.......##.. g
#.......# # Y
#...$...#
#.......# l
....l...#
.........#


You could see an ice beast and an iguana.


Message History

😱 HP[-2]
You take 2 damage, and now have 12/55 hp.
You feel better.
You can read scrolls again.
You constrict the scorpion. The scorpion misses you. 😨 HP[+11]
You regained 11 hp, and now have 23/55 hp.
You hit the scorpion. Lightning courses through the scorpion!
You kill the scorpion!
The gnoll shaman returns to its original shape as it dies.
Unknown command.
You start resting. "Take this token of my esteem."
Something appears before you!
You now have 215 gold pieces (gained 15).
You start resting.
Xom smirks.
You detect creatures! 😮 HP[+14]
You regained 14 hp, and now have 37/55 hp.
A steam dragon comes into view. 😮 HP[+2]
You regained 2 hp, and now have 39/55 hp.
A steam dragon is nearby!
A steam dragon is nearby!
A steam dragon is nearby!
A steam dragon is nearby!
You are too injured to fight recklessly!
You are too injured to fight recklessly!
You are too injured to fight recklessly!
You are too injured to fight recklessly!
You are too injured to fight recklessly!
You are too injured to fight recklessly!
You are too injured to fight recklessly!
The steam dragon hisses angrily.
You hit the steam dragon but do no damage.
You squeeze the steam dragon.
Xom plays with reality for a moment.
You begin to radiate toxic energy.
The steam dragon is poisoned.
The steam dragon bites you.
The steam dragon closely misses you. 😮 HP[-4]
You take 4 damage, and now have 35/55 hp.
You puncture the steam dragon! You squeeze the steam dragon!
The steam dragon looks even sicker.
The steam dragon breathes steam at you. The ball of steam hits you!
You feel threatened and lose the ability to read scrolls!
* * * LOW HITPOINT WARNING * * *
The steam dragon bites you!
* * * LOW HITPOINT WARNING * * *
Your body deteriorates!
You feel clumsy. The steam dragon misses you.
You hear a shout! x3 😨 HP[-21]
You take 21 damage, and now have 14/55 hp.
MASSIVE DAMAGE!! (PAUSE)
Your toxic aura wanes.
A gnoll comes into view. It is wielding a +0 club.
You yell at the gnoll!
The steam dragon barely misses you. The steam dragon misses you.
You hear an angry hiss.
You hit the steam dragon.
Lightning courses through the steam dragon!
You kill the steam dragon!
The steam dragon scales are intact enough to wear.
A gnoll comes into view. It is wielding a +0 spear.
You have reached level 9!
Your experience leads to an increase in your attributes!
Your base attributes are Str 11, Int 15, Dex 13.
Increase (S)trength, (I)ntelligence, or (D)exterity?
You feel agile. x2 😨 HP[+2] MP[+1]
You now have 61 max hp (+6).
You regained 2 hp, and now have 16/61 hp.
Your mp is fully restored (9).
There is a stone staircase leading down here.
You climb downwards.
There is a stone staircase leading up here. 😨 HP[+1] Unknown command.
Unknown command.
You start resting.
You can read scrolls again.
A centaur comes into view.
You yell at the centaur!
You hear a shout! 😨 HP[+2]
You regained 2 hp, and now have 19/61 hp.
The centaur wields a +0 shortbow.
The centaur shoots an arrow.
The arrow hits you!
You feel threatened and lose the ability to read scrolls!
* * * LOW HITPOINT WARNING * * *
Your body deteriorates!
You feel weakened.
You climb upwards.
The iguana hisses angrily.
The ice beast hits you.
* * * LOW HITPOINT WARNING * * *
The ice beast freezes you!
You die...
Xom bursts into laughter!

Skill      XL: |  1  2  3  4  5  6  7  8 |
---------------+-------------------------+-----
Dodging        | 9 11 12 | 12.4
Fighting       | 4 5 |  5.0
Maces & Flails | |  3.0

Action                   |  1- 3 |  4- 6 |  7- 9 || total
-------------------------+-------+-------+-------++-------
Melee: Mace              |     8 |       |       ||     8
       Constrict         |     6 |    35 |    14 ||    55
       Short sword       |    23 |   115 |    46 ||   184
       Tentacles         |     3 |    22 |    13 ||    38
       Punch             |     1 |     3 |     1 ||     5
Evoke: Wand              |       |     1 |     2 ||     3
  Use: Potion            |     1 |     4 |     4 ||     9
       Scroll            |       |     9 |     1 ||    10
 Stab: Sleeping          |     5 |    12 |     2 ||    19
       Paralysed         |       |     3 |       ||     3
Armor: Skin              |     4 |     6 |       ||    10
Dodge: Dodged            |    15 |    85 |    42 ||   142

Levels and vault maps discovered:
D:1:      matt_arrival_refuge, layout_loops_cross, serial_bayou_crossing
D:2:      cheibrodos_helix_gallery, layout_loops_cross, serial_rivers,
          chequers_serial_rivers_room_b, chequers_serial_rivers_room_b,
          chequers_serial_rivers_micro_d, chequers_serial_rivers_micro_e,
          chequers_serial_rivers_marsh, chequers_serial_rivers_room_a
D:3:      layout_basic, ebering_ecumenical_altar_rust, serial_shops,
          nicolae_shop_window_shopping, minmay_misc_feat_cross, uniq_terence
D:4:      layout_basic, uniq_blork_the_orc
D:5:      layout_rooms, minmay_quadrilaterals, uniq_pikel, uniq_edmund
D:6:      layout_cave_pools, grunt_potential
D:7:      layout_basic, mainiacjoe_overflow_tiny_flanked,
          minmay_temple_entry_arrows, minmay_misc_feat_hallway
D:8:      layout_cave_pools, david_lair_generic, serial_column_ruins,
          column_ruins_corridor_straight, column_ruins_grid_3,
          column_ruins_open_tiny, column_ruins_open_tiny,
          column_ruins_columns_straight, serial_shops, nicolae_shop_trees,
          minmay_fire_ice_demons, uniq_amaemon, uniq_psyche

Notes
Turn   | Place    | Note
-------+----------+-------------------------------------------
     0 | D:1      | spaghetti the Octopode Chaos Knight began the quest for the
                  | Orb.
     0 | D:1      | Reached XP level 1. HP: 16/16 MP: 1/1
     0 | D:1      | magus.rc [v1.9.6]
   245 | D:1      | Reached XP level 2. HP: 18/21 MP: 2/2
   442 | D:1      | XOM: divination: detect items
   718 | D:1      | XOM: divination: magic mapping
   735 | D:1      | XOM is BORED!
   735 | D:1      | XOM: silly message
   759 | D:2      | XOM: potion effect (experience)
   759 | D:2      | Reached skill level 9 in Dodging
   759 | D:2      | Reached XP level 3. HP: 15/27 MP: 3/3
  1048 | D:2      | Reached XP level 4. HP: 33/33 MP: 4/4
  1062 | D:2      | Reached skill level 4 in Fighting
  1089 | D:2      | You pick up a book of Spectacle and begin reading...
  1089 | D:2      | You add the spells Dazzling Flash, Iskenderun's Mystic
                  | Blast and Starburst to your library.
  1361 | D:2      | XOM: smoke on damage
  1541 | D:2      | XOM: silly message
  1760 | D:3      | Found Tilavack's Armour Boutique.
  1760 | D:3      | XOM: noise
  1878 | D:3      | XOM: potion effect (curing)
  1880 | D:3      | XOM: confuse monster(s)
  1882 | D:3      | XOM: draining
  2146 | D:3      | XOM: give mutations
  2146 | D:3      | Gained mutation: You possess an exceptional clarity of
                  | mind. [Xom's grace]
  2146 | D:3      | Gained mutation: You are resistant to electric shocks.
                  | (rElec) [Xom's grace]
  2146 | D:3      | Gained mutation: Your mind is acute. (Int +2) [Xom's grace]
  2146 | D:3      | Gained mutation: You are somewhat resistant to further
                  | mutation. [Xom's grace]
  2246 | D:3      | Reached XP level 5. HP: 32/32 MP: 5/5
  2278 | D:3      | XOM: noise
  2279 | D:3      | Noticed Terence
  2282 | D:3      | Found a faded altar of an unknown god.
  2284 | D:3      | Killed Terence
  2692 | D:4      | Reached skill level 5 in Fighting
  2692 | D:4      | Reached XP level 6. HP: 28/44 MP: 6/6
  2815 | D:4      | XOM: silly message
  2830 | D:4      | Lost mutation: You are resistant to electric shocks.
                  | (rElec) [potion of mutation]
  2830 | D:4      | Lost mutation: Your mind is acute. (Int +2) [potion of
                  | mutation]
  2830 | D:4      | Lost mutation: You possess an exceptional clarity of mind.
                  | [potion of mutation]
  2830 | D:4      | XOM is BORED!
  2830 | D:4      | XOM: 1-stop teleportation journey
  2897 | D:3      | XOM: silly message
  2970 | D:3      | XOM: cloud trail
  3393 | D:4      | XOM: noise
  3449 | D:4      | XOM: god gift: scroll labelled IWIMAUD EGIST {god gift}
  3647 | D:4      | You add the spells Summon Forest, Eringya's Noxious Bog and
                  | Summon Hydra to your library.
  3675 | D:4      | XOM is BORED!
  3675 | D:4      | XOM: summons 1 hostile demon
  3732 | D:4      | You pick up a book of Burglary and begin reading...
  3732 | D:4      | You add the spells Passwall, Ensorcelled Hibernation and
                  | Swiftness to your library.
  3805 | D:4      | Noticed Blork the orc
  3811 | D:4      | XOM: fog
  3814 | D:4      | HP: 7/45 [Blork the orc/+2 long sword of freezing (14)]
  3814 | D:4      | HP: 3/45 [Blork the orc/+2 long sword of freezing (4)]
  3816 | D:4      | Killed Blork the orc
  3989 | D:4      | XOM: scenery: create altars
  4223 | D:5      | Entered Level 5 of the Dungeon
  4224 | D:5      | XOM: give mutation
  4224 | D:5      | Gained mutation: You are agile. (Dex +2) [Xom's grace]
  4231 | D:5      | Reached skill level 10 in Dodging
  4241 | D:5      | XOM: scenery: create altars
  4405 | D:5      | XOM: swap monsters
  4434 | D:5      | Noticed Pikel
  4436 | D:5      | XOM: enchant monster (good)
  4438 | D:5      | XOM: summons 6 friendly demons
  4440 | D:5      | XOM: enchant monster (good)
  4447 | D:5      | Killed Pikel
  4448 | D:5      | Reached skill level 11 in Dodging
  4448 | D:5      | Reached XP level 7. HP: 20/50 MP: 7/7
  4448 | D:5      | Reached XP level 8. HP: 22/55 MP: 8/8
  4585 | D:5      | XOM: cleaving
  4752 | D:5      | You pick up a book of Fire and begin reading...
  4752 | D:5      | You add the spells Fireball and Ignition to your library.
  4764 | D:5      | You add the spells Ignite Poison, Mephitic Cloud and
                  | Freezing Cloud to your library.
  4848 | D:5      | XOM: scenery: summon butterflies
  4870 | D:5      | XOM: give mutations
  4870 | D:5      | Lost mutation: You are somewhat resistant to further
                  | mutation. [Xom's mischief]
  4870 | D:5      | Gained mutation: You have hidden genetic potential. [Xom's
                  | mischief]
  4870 | D:5      | Gained mutation: Your body sometimes deteriorates upon
                  | taking damage. [Xom's mischief]
  4870 | D:5      | Gained mutation: You are dopey. (Int -2) [Xom's mischief]
  4883 | D:5      | Noticed Edmund
  4889 | D:5      | HP: 9/50 [Edmund/+1 dire flail of draining (4)]
  4891 | D:5      | XOM: summons friendly crimson imp
  4900 | D:5      | Killed Edmund
  5090 | D:5      | XOM: divination: detect items
  5314 | D:5      | XOM: give mutations
  5314 | D:5      | Gained mutation: You occasionally shout uncontrollably at
                  | your foes. [Xom's mischief]
  5314 | D:5      | Gained mutation: You are very dopey. (Int -4) [Xom's
                  | mischief]
  5314 | D:5      | Gained mutation: You sometimes lose the ability to read
                  | scrolls when taking damage. [Xom's mischief]
  5571 | D:5      | Reached skill level 12 in Dodging
  5716 | D:6      | XOM: 2-stop teleportation journey
  5815 | D:6      | XOM: polymorph gnoll shaman -> scorpion
  5818 | D:6      | HP: 13/55 [gnoll/+0 spear (8)]
  5819 | D:6      | XOM: noise
  5830 | D:7      | HP: 12/55 [scorpion (2)]
  5833 | D:7      | XOM: god gift: 15 gold pieces
  5913 | D:7      | XOM: divination: detect creatures
  5925 | D:7      | XOM: cast spell 'Olgreb's Toxic Radiance'
  5929 | D:7      | Reached XP level 9. HP: 16/61 MP: 9/9
  5943 | D:8      | HP: 9/61 [centaur/arrow (10)]
  5944 | D:7      | Slain by an ice beast

Vanquished Creatures
  Pikel (D:5)
  A steam dragon (D:7)
  Edmund (D:5)
  A water moccasin (D:5)
  An ogre (D:5)
  Blork the orc (D:4)
  6 scorpions
  An orc priest (D:6)
  A hound (D:4)
  Terence (D:3)
  3 iguanas
  An orc wizard (D:6)
  7 adders
  A white imp (D:5)
  2 worms
  2 dart slugs
  8 orcs
  5 endoplasms
  5 giant cockroaches
  11 goblins
  8 hobgoblins
  9 kobolds
  6 quokkas
  3 ball pythons
  2 bats
  2 frilled lizards (D:2)
  4 rats
94 creatures vanquished.

Vanquished Creatures (collateral kills)
  A lemure (D:5)
1 creature vanquished.

Grand Total: 95 creatures vanquished

Table legend:
 A = Non-vault XP
 B = Vault XP
 C = Vault XP percentage of total XP
 D = Non-vault monster count
 E = Vault monster count
 F = Vault count percentage of total count
                 A         B        C        D         E       F
            +---------+---------+-------+---------+---------+-------
      Total |    1240 |    1097 |  46.9 |      85 |       9 |   9.6
            +---------+---------+-------+---------+---------+-------
        D:1 |      23 |       0 |   0.0 |      14 |       0 |   0.0
        D:2 |      53 |       4 |   7.0 |      18 |       2 |  10.0
        D:3 |      77 |      36 |  31.9 |      20 |       1 |   4.8
        D:4 |     211 |     100 |  32.2 |      17 |       1 |   5.6
        D:5 |     521 |     957 |  64.7 |       8 |       5 |  38.5
        D:6 |      91 |       0 |   0.0 |       6 |       0 |   0.0
        D:7 |     264 |       0 |   0.0 |       2 |       0 |   0.0
            +---------+---------+-------+---------+---------+-------

Illustrated notes

Table legend:
 A = Kills in this place as a percentage of kills in entire the game.
 B = Kills by you in this place as a percentage of kills by you in the entire game.
 C = Kills by friends in this place as a percentage of kills by friends in the entire game.
 D = Other kills in this place as a percentage of other kills in the entire game.
 E = Experience gained in this place as a percentage of experience gained in the entire game.
 F = Experience gained in this place divided by the number of levels of this place that you have seen.
                   A       B       C       D       E      F
               +-------+-------+-------+-------+-------+----------------------
         Total | 100.0 | 100.0 |   N/A |   N/A | 100.0 | 292.1
       Dungeon | 100.0 | 100.0 |   N/A |   N/A | 100.0 | 292.1
               +-------+-------+-------+-------+-------+----------------------

Table legend: (Time is in decaauts)
 A = Elapsed time spent in this place.
 B = Non-inter-level travel time spent in this place.
 C = Inter-level travel time spent in this place.
 D = Time resting spent in this place.
 E = Time spent auto-exploring this place.
 F = Levels seen in this place.
 G = Mean time per level.
                   A        B        C        D        E       F      G
               +--------+--------+--------+--------+--------+-----+--------+
         Total |   5963 |   5798 |    165 |   1729 |   3362 |   8 |  745.4 |
       Dungeon |   5963 |   5798 |    165 |   1729 |   3362 |   8 |  745.4 |
               +--------+--------+--------+--------+--------+-----+--------+

Top non-repeatable levels by time:
     D:5: 1433 daAuts
     D:4: 1401 daAuts
     D:3: 1110 daAuts
     D:2: 972 daAuts
     D:1: 752 daAuts
     D:6: 178 daAuts
     D:7: 103 daAuts
     D:8: 11 daAuts
